 Dungeon Crawl Stone Soup version 0.18.1-8-gdd0e5ea (webtiles) character file.

116 protoss039 the Shield-Bearer (level 4, -3/41 HPs)
             Began as a Minotaur Fighter on June 11, 2016.
             Slain by a gnoll
             ... wielding a cursed -2 halberd
              (9 damage)
             ... on level 3 of the Dungeon.
             The game lasted 00:04:21 (2133 turns).

protoss039 the Shield-Bearer (Minotaur Fighter)     Turns: 2133, Time: 00:04:21

Health: -3/41      AC:  8    Str: 21    XL:     4   Next: 69%
Magic:  3/3        EV:  7    Int:  5    God:
Gold:   100        SH:  9    Dex: 10    Spells: 0 memorised, 3 levels left

rFire  . . .     SeeInvis .     a - +0 war axe
rCold  . . .     Gourm    .     b - +0 scale mail
rNeg   . . .     Faith    .     c - +0 shield
rPois  .         Spirit   .     (helmet restricted)
rElec  .         Dismiss  .     r - +0 cloak (curse)
rCorr  .         Reflect  .     (no gloves)
SustAt .         Harm     .     (no boots)
MR     .....                    h - amulet of rage
Stlth  ..........               (no ring)
                                (no ring)

@: not resistant to hostile enchantments, extremely unstealthy
A: retaliatory headbutt, horns 2
a: Evoke Berserk Rage


You were on level 3 of the Dungeon.
You were not hungry.

You visited 1 branch of the dungeon, and saw 3 of its levels.

You collected 100 gold pieces.

Inventory:

Hand Weapons
 a - a +0 war axe (weapon)
Armour
 b - a +0 scale mail (worn)
 c - a +0 shield (worn)
 r - a cursed +0 cloak (worn)
Jewellery
 h - an amulet of rage (around neck)
Scrolls
 g - a scroll of blinking {unknown}
 i - a scroll of immolation {unknown}
 n - a scroll of enchant armour {unknown}
 p - a scroll of magic mapping {unknown}
 t - a scroll of teleportation {unknown}
Potions
 d - a potion of might
 e - a potion of cancellation
 k - 2 potions of curing {unknown}
 l - a potion of flight {unknown}
 m - 2 potions of degeneration {unknown}
 s - a potion of heal wounds {unknown}
Comestibles
 f - 5 bread rations
 j - a beef jerky
 o - a meat ration
 q - 2 chunks of flesh


   Skills:
 + Level 4.4 Fighting
 + Level 3.3 Axes
 + Level 4.4 Armour
 - Level 0.2 Dodging
 + Level 4.8 Shields


You had 3 spell levels left.
You didn't know any spells.

Dungeon Overview and Level Annotations

Branches:
Dungeon (3/15)

Altars:


Innate Abilities, Weirdness & Mutations

You reflexively headbutt those who attack you in melee.
You have a pair of horns on your head.


Message History

You slash the gnoll!
You kill the gnoll!
The gnoll barely misses you.
The gnoll hits you from afar with an enchanted halberd!
* * * LOW HITPOINT WARNING * * *
You block the gnoll's attack.
You are too injured to fight recklessly!
Unknown command.
You are too injured to fight recklessly!
Unknown command.
Unknown command.
Drink which item? (? for menu, Esc to quit)
Okay, then.
Read which item? (? for menu, Esc to quit)
Okay, then.
Okay, then.
Drink which item? (? for menu, Esc to quit)
It was a potion of cancellation.
You feel magically purged.
The gnoll hits you from afar with an enchanted halberd!
You die...

#[# .# #.# #.# # #.#
...# #. ###.##+##...#
#.#######
#..<.........
#.....<.#
#......g..<..
###.....#
#............
#.....####....@)......
#.....#........g......
#.....#...............
#...%.#..............(
#.....#...............
#.....####.####.######
#.....(..........#
#...[............#
#.......(........#


You could see 2 gnolls.

Vanquished Creatures
  A gnoll (D:3)
  3 adders
  2 worms (D:2)
  3 dart slugs (D:1)
  2 giant geckos (D:1)
  An orc (D:3)
  3 giant cockroaches
  7 goblins
  9 hobgoblins
  8 jackals
  8 kobolds
  A quokka (D:2)
  5 bats
  A giant newt (D:1)
  7 rats
61 creatures vanquished.

Notes
Turn   | Place    | Note
--------------------------------------------------------------
     0 | D:1      | protoss039 the Minotaur Fighter began the quest for the Orb.
     0 | D:1      | Reached XP level 1. HP: 19/19 MP: 0/0
    91 | D:1      | Reached XP level 2. HP: 19/27 MP: 1/1
   589 | D:1      | Reached XP level 3. HP: 33/33 MP: 2/2
  1437 | D:2      | Reached XP level 4. HP: 41/41 MP: 3/3
  2133 | D:3      | Slain by a gnoll

Skill      XL: |  1  2  3  4 |
---------------+-------------+-----
Fighting       | 4 |  4.4
Armour         | 4 |  4.4
Shields        | 4 |  4.8
Axes           | 3 |  3.3
Dodging        | |  0.2

Action                   |  1- 3 |  4- 6 || total
-------------------------+-------+-------++-------
Melee: War axe           |    94 |    32 ||   126
       Headbutt          |    13 |     7 ||    20
  Use: Potion            |       |     1 ||     1
  Eat: Chunk             |     2 |     2 ||     4
Armor: Scale mail        |    49 |    12 ||    61
Dodge: Dodged            |    28 |    13 ||    41
Block: Shield            |    54 |    18 ||    72
